Map: King's Cove LE

Players

GOReynor (Reynor)

  • Race: Zerg Zerg
  • League: Master
  • Spawn Location: 5:00

llllllllllll (GuMiho) - Winner!

  • Race: Terran Terran
  • League: Master
  • Spawn Location: 11:00

Event: 2019 Assembly Summer

VOD

Have the link to the VOD?

Description

Time

  • Played on: Aug. 2, 2019, 1:25 p.m.
  • Length: 21:11

All games in this series

Show
View Real Time Build Order
Export as new Build Order

GOReynor Zerg 

Build Orders: Hatch First, Swarm Host 

Get SALT Encoding   

  12  0:00  Drone  
  13  0:12  Overlord  
  13  0:17  Drone  
  14  0:31  Drone x2  
  16  0:48  Hatchery  
  15  0:52  Drone  
  15  0:56  Drone  
  17  0:59  Drone  
  18  1:09  Extractor  
  17  1:15  Spawning Pool  
  17  1:18  Drone  
  17  1:20  Drone  
  18  1:28  Drone  
  19  1:39  Drone  
  20  1:49  Overlord  
  20  2:02  Queen x2, Zergling x4  
  26  2:11  Drone  
  26  2:12  Drone  
  28  2:24  Hatchery  
  28  2:27  Drone  
  28  2:29  Drone  
  29  2:34  Drone  
  29  2:35  Drone  
  31  2:40  Metabolic Boost  
  31  2:44  Drone  
  31  2:50  Queen  
  34  2:55  Overlord  
  34  2:57  Drone  
  35  3:01  Drone  
  36  3:11  Overlord  
  36  3:13  Drone x3  
  36  3:15  Drone  
  36  3:16  Drone  
  41  3:20  Zergling x2  
  41  3:26  Queen  
  44  3:29  Drone  
  44  3:31  Drone  
  46  3:36  Overlord  
  46  3:38  Drone  
  47  3:42  Drone x2  
  47  3:43  Zergling x2  
  47  3:46  Queen  
  47  3:47  Drone  
  53  3:49  Drone  
  53  3:54  Drone, Pneumatized Carapace  
  55  3:58  Zergling x2  
  55  4:01  Overlord  
  55  4:02  Drone x2  
  58  4:06  Drone x2  
  58  4:09  Queen  
  60  4:11  Drone  
  63  4:17  Zergling x4  
  63  4:19  Drone  
  63  4:21  Drone x3  
  63  4:23  Overlord  
  69  4:28  Spore Crawler  
  69  4:30  Queen  
  70  4:32  Drone  
  70  4:33  Drone x3  
  73  4:43  Overlord  
  73  4:44  Drone  
  73  4:45  Queen  
  74  4:46  Queen  
  74  4:49  Drone  
  74  4:50  Spore Crawler  
  74  4:52  Zergling x6  
  81  4:55  Overlord  
  81  5:03  Roach Warren  
  80  5:10  Overlord  
  80  5:15  Drone x2  
  80  5:17  Drone x3  
  80  5:18  Drone x3  
  80  5:19  Extractor  
  80  5:20  Overlord, Extractor  
  86  5:23  Hatchery, Queen  
  87  5:32  Zergling x6  
  87  5:33  Queen  
  89  5:37  Overlord  
  89  5:42  Drone x7  
  90  5:43  Extractor  
  90  5:44  Overlord, Extractor  
  86  5:53  Overlord  
  86  5:55  Drone x7  
  90  6:01  Spore Crawler  
  88  6:05  Drone x2  
  88  6:06  Extractor  
  89  6:13  Roach  
  89  6:15  Roach  
  89  6:16  Drone  
  94  6:20  Evolution Chamber  
  94  6:21  Roach x4  
  94  6:23  Evolution Chamber  
  100  6:26  Overlord  
  100  6:27  Roach x2  
  100  6:29  Drone x2  
  100  6:31  Drone  
  107  6:37  Overlord  
  107  6:43  Drone x4  
  107  6:44  Overlord  
  107  6:46  Lair  
  110  6:49  Drone  
  110  6:50  Drone x5  
  113  6:57  Drone x6  
  113  6:58  Zerg Missile Weapons Level 1  
  119  7:04  Zerg Ground Armor Level 1  
  119  7:06  Queen  
  119  7:07  Spore Crawler  
  119  7:08  Drone x3  
  123  7:09  Drone  
  123  7:11  Spore Crawler  
  123  7:16  Spore Crawler  
  123  7:20  Overlord  
  123  7:22  Roach x6  
  134  7:26  Overlord  
  134  7:33  Drone x2  
  134  7:35  Baneling Nest  
  134  7:36  Overlord  
  133  7:40  Drone x5  
  133  7:42  Extractor x2  
  136  7:45  Drone x2  
  136  7:46  Glial Reconstitution  
  136  7:49  Overseer  
  136  7:50  Drone  
  139  7:54  Drone  
  139  7:55  Infestation Pit, Overlord  
  139  7:59  Drone  
  139  8:00  Hatchery  
  139  8:02  Roach x6  
  139  8:03  Overlord  
  151  8:12  Drone x3  
  154  8:15  Overlord  
  154  8:21  Centrifical Hooks  
  154  8:22  Ravager, Spine Crawler x2  
  154  8:24  Nydus Network, Spine Crawler  
  151  8:34  Swarm Host x9  
  150  8:39  Hive  
  150  8:40  Drone  
  172  8:43  Burrow  
  172  8:52  Overseer  
  172  8:54  Swarm Host x4  
  184  8:57  Overlord  
  184  9:00  Overlord  
  184  9:04  Nydus Canal  
  184  9:05  Zerg Missile Weapons Level 2  
  184  9:09  Overlord  
  184  9:10  Spore Crawler x2  
  184  9:16  Swarm Host x2  
  184  9:18  Overlord, Nydus Canal  
  187  9:25  Overlord  
  187  9:28  Swarm Host x4  
  199  9:38  Drone, Overlord  
  199  9:43  Hydralisk Den  
  197  9:46  Drone x3  
  200  10:10  Nydus Canal  
  200  10:14  Extractor  
  200  10:17  Zerg Ground Armor Level 2  
  200  10:18  Drone  
  200  10:19  Extractor  
  200  10:21  Spine Crawler  
  198  10:26  Nydus Canal  
  198  10:27  Drone x17  
  198  10:28  Spine Crawler  
  197  10:29  Queen  
  197  10:35  Nydus Canal  
  198  10:40  Drone x3  
  198  10:42  Drone  
  199  10:46  Spire  
  196  10:50  Nydus Canal  
  194  11:04  Nydus Canal  
  194  11:11  Spore Crawler  
  194  11:12  Spore Crawler  
  192  11:18  Hydralisk x3  
  192  11:21  Nydus Canal  
  198  11:35  Nydus Canal  
  198  11:45  Viper x2  
  198  11:53  Spine Crawler  
  197  11:54  Spire  
  197  11:56  Hydralisk x2  
  196  12:25  Corruptor x3  
  196  12:27  Greater Spire  
  196  12:28  Pathogen Glands  
  187  12:37  Hydralisk x8  
  197  12:44  Hydralisk  
  197  12:46  Nydus Canal  
  197  12:50  Drone x2  
  198  13:15  Hydralisk x2  
  194  13:22  Hydralisk x4  
  190  13:27  Hydralisk  
  190  13:28  Hydralisk x9  
  190  13:33  Zerg Missile Weapons Level 3, Zerg Ground Armor Level 3  
  196  13:38  Extractor  
  196  13:39  Grooved Spines  
  196  13:40  Extractor  
  194  13:44  Hydralisk x3  
  194  13:45  Nydus Canal  
  200  14:00  Nydus Canal  
  184  14:17  Hydralisk  
  184  14:18  Hydralisk x7  
  198  14:27  Hydralisk  
  192  14:32  Nydus Canal  
  192  14:34  Hydralisk x9  
  200  14:41  Zerg Flyer Weapons Level 1  
  200  14:42  Zerg Flyer Armor Level 1  
  200  14:50  Muscular Augments  
  200  14:51  Hatchery  
  199  14:59  Nydus Canal  
  199  15:11  Overseer x3  
  199  15:33  Nydus Canal  
  199  15:47  Nydus Canal  
  199  15:52  Extractor  
  199  15:53  Extractor  
  197  15:59  Viper  
  198  16:09  Nydus Canal  
  198  16:17  Nydus Canal  
  190  16:25  Hydralisk x7  
  188  16:27  Corruptor x4  
  195  16:41  Corruptor x2  
  191  16:50  Corruptor x7  
  191  16:51  Corruptor x3  
  192  17:00  Corruptor x10  
  188  17:09  Corruptor  
  188  17:10  Corruptor  
  188  17:12  Hydralisk x7  
  192  17:24  Hydralisk x5  
  175  17:30  Hydralisk x2  
  175  17:35  Nydus Canal  
  166  17:37  Hydralisk x2  
  166  17:40  Hydralisk  
  158  17:44  Hydralisk  
  158  17:48  Hydralisk  
  161  17:55  Hydralisk  
  152  18:00  Hydralisk  
  152  18:04  Hydralisk x4  
  153  18:07  Spawning Pool  
  153  18:11  Hydralisk x2  
  153  18:12  Hatchery  
  151  18:17  Hydralisk x2  
  151  18:19  Hydralisk  
  155  18:23  Hydralisk  
  155  18:29  Hydralisk x2  
  152  18:35  Hydralisk  
  152  18:41  Hydralisk x2  
  148  18:45  Hydralisk  
  148  18:46  Hydralisk  
  149  18:49  Hydralisk  
  149  18:50  Nydus Canal  
  143  18:59  Hydralisk  
  143  19:01  Queen  
  141  19:09  Zergling x2  
  140  19:13  Zergling x2  
  132  19:25  Zergling x2  
  124  19:32  Drone x2  
  124  19:33  Lair  
  124  19:34  Infestor  
  127  19:39  Infestor  
  127  19:42  Queen  
  127  19:43  Drone  
  127  19:45  Queen  
  134  19:50  Drone x2  
  134  19:52  Extractor  
  131  20:11  Zergling x6  
  131  20:13  Zergling x6  
  126  20:17  Zergling x2  
  126  20:18  Queen  
  123  20:23  Zergling x2  
  123  20:25  Roach  
  116  20:29  Roach  
  108  20:36  Roach  
  108  20:40  Roach  
  108  20:48  Roach x2  
Show
View Real Time Build Order
Export as new Build Order

llllllllllll Terran - Winner!

Build Orders: Command Center First (CC), Hellion Banshee, Mech 

Get SALT Encoding   

  12  0:00  SCV  
  13  0:12  SCV  
  14  0:18  Supply Depot  
  14  0:24  SCV  
  15  0:39  SCV  
  16  0:51  SCV  
  17  1:00  Command Center  
  17  1:04  SCV  
  18  1:13  Barracks  
  18  1:17  SCV  
  19  1:24  Refinery  
  19  1:29  SCV  
  19  1:31  Refinery  
  20  1:41  SCV  
  21  1:53  SCV  
  22  2:01  Reaper  
  22  2:06  Orbital Command  
  23  2:11  Orbital Command  
  23  2:20  Factory  
  23  2:31  SCV  
  23  2:34  Barracks Reactor  
  24  2:37  SCV  
  25  2:51  Command Center  
  25  2:53  SCV x2  
  27  3:03  Starport  
  27  3:05  SCV x2  
  28  3:11  Supply Depot  
  29  3:15  Hellion  
  29  3:17  Hellion  
  29  3:19  SCV  
  34  3:20  SCV  
  34  3:23  Barracks Tech Lab  
  35  3:31  SCV  
  35  3:32  SCV  
  37  3:37  Hellion  
  37  3:38  Hellion  
  41  3:47  SCV x2  
  43  3:48  Viking  
  43  3:50  Cloaking Field  
  45  3:59  SCV  
  46  4:02  Orbital Command  
  46  4:03  Barracks Tech Lab, SCV  
  46  4:04  Hellion  
  46  4:06  Hellion  
  51  4:11  SCV  
  51  4:13  Supply Depot  
  51  4:15  SCV  
  53  4:20  Banshee  
  53  4:23  SCV  
  57  4:27  Armory, SCV  
  57  4:28  Hellion  
  57  4:31  Orbital Command  
  60  4:34  Hellion  
  60  4:36  Supply Depot  
  60  4:37  SCV  
  63  4:39  SCV  
  63  4:42  Refinery  
  63  4:45  Refinery  
  64  4:49  SCV  
  64  4:51  Hellion, SCV  
  64  4:52  Factory  
  68  4:56  SCV  
  68  4:59  Supply Depot  
  69  5:02  SCV  
  69  5:04  Banshee, SCV  
  74  5:08  SCV  
  74  5:13  Hellion  
  74  5:14  SCV  
  77  5:19  Terran Vehicle And Ship Armor Level 1  
  77  5:21  SCV x2  
  79  5:25  Supply Depot  
  79  5:26  SCV  
  79  5:27  Hellion  
  82  5:30  Supply Depot  
  82  5:31  Supply Depot  
  82  5:33  SCV  
  82  5:35  Hellion  
  85  5:41  SCV  
  85  5:42  SCV  
  79  5:47  Banshee, Hellion x2, SCV  
  79  5:48  Hellion  
  83  5:54  SCV  
  83  5:55  SCV  
  83  5:56  Hellion  
  79  5:58  Hyperflight Rotors  
  79  5:59  Cyclone  
  79  6:03  Refinery  
  82  6:07  Refinery  
  82  6:09  Hellion  
  84  6:13  SCV x3  
  84  6:17  Supply Depot  
  84  6:18  Supply Depot, Mag-Field Accelerator  
  87  6:19  Factory  
  87  6:24  Barracks Tech Lab  
  87  6:25  SCV x2  
  89  6:30  Banshee, SCV  
  97  6:32  Hellion  
  97  6:33  Hellion  
  97  6:37  SCV  
  98  6:44  Command Center  
  98  6:47  Siege Tank  
  103  6:54  Hellion x2  
  103  6:55  SCV x2  
  103  6:56  SCV  
  106  7:04  Factory  
  106  7:05  Factory  
  106  7:07  SCV  
  106  7:08  SCV x2  
  109  7:10  Siege Tank  
  109  7:13  Supply Depot, Terran Vehicle Weapons Level 1  
  109  7:14  Supply Depot  
  109  7:15  Banshee  
  115  7:20  SCV x3  
  115  7:21  Engineering Bay  
  118  7:35  Siege Tank  
  118  7:36  Hellion x2  
  125  7:38  Hellion x3  
  125  7:39  SCV x3  
  128  7:46  Refinery  
  128  7:48  Armory, Refinery  
  128  7:51  Factory Reactor, Factory Tech Lab, SCV x3  
  134  8:01  Orbital Command  
  134  8:02  Supply Depot  
  134  8:05  Banshee  
  137  8:11  Thor x2  
  146  8:15  Thor  
  152  8:26  Missile Turret  
  152  8:28  Sensor Tower  
  152  8:30  Missile Turret  
  152  8:39  Terran Vehicle And Ship Armor Level 2  
  149  8:47  Banshee, Hellion x4  
  160  8:52  Fusion Core  
  160  8:54  Hellion, Starport  
  160  8:55  Starport  
  160  8:59  Infernal Pre-Igniter  
  160  9:00  Missile Turret x2  
  160  9:02  Missile Turret  
  160  9:04  Missile Turret  
  160  9:06  Command Center  
  160  9:07  Command Center  
  160  9:09  Missile Turret  
  160  9:10  Terran Vehicle Weapons Level 2  
  160  9:17  Supply Depot  
  160  9:18  Supply Depot  
  160  9:20  Supply Depot  
  160  9:35  Thor  
  160  9:38  Thor x2  
  159  9:39  Thor  
  159  9:43  Hellion x4  
  164  9:51  Missile Turret  
  163  9:52  Missile Turret  
  160  10:00  Command Center  
  160  10:06  Banshee  
  163  10:07  Advanced Ballistics  
  163  10:08  Starport Reactor x2  
  163  10:18  Cyclone  
  166  10:21  Cyclone  
  166  10:26  Thor  
  166  10:28  Hellion x2  
  177  10:40  Hellion x2  
  175  10:50  Hellion x2  
  175  10:51  Supply Depot  
  187  11:00  Sensor Tower  
  187  11:04  Liberator x5  
  187  11:05  Orbital Command  
  187  11:08  Command Center  
  187  11:20  Thor  
  187  11:22  Missile Turret  
  196  11:32  Planetary Fortress  
  175  11:48  Liberator, Thor x2  
  175  11:49  Hellion  
  175  11:50  Hellion  
  191  12:02  Smart Servos  
  191  12:03  Hellion x3, Drilling Claws  
  191  12:04  Command Center  
  200  12:12  Liberator, Terran Vehicle Weapons Level 3, Terran Vehicle And Ship Armor Level 3  
  195  12:28  Liberator  
  198  12:33  Siege Tank  
  198  12:34  Hellion, Siege Tank  
  198  12:37  Liberator  
  198  12:42  Liberator  
  185  12:45  Hellion x3, Siege Tank  
  190  13:05  Siege Tank  
  190  13:08  Liberator x2  
  193  13:14  Cyclone  
  193  13:15  Hellion x2  
  200  13:22  Cyclone  
  200  13:23  Hellion x2  
  200  13:24  Refinery  
  175  13:28  Refinery  
  170  13:36  Hellion  
  170  13:37  Hellion  
  170  13:38  Hellion  
  176  13:44  Hellion x2  
  176  13:46  Hellion  
  182  13:50  Liberator x2  
  182  13:52  Liberator  
  182  13:55  Hellion  
  180  13:56  Liberator  
  180  13:58  Hellion x2  
  180  13:59  Hellion  
  184  14:03  Liberator  
  184  14:06  Hellion x2  
  184  14:08  Hellion  
  199  14:16  Hellion  
  185  14:19  Hellion x2  
  185  14:20  Cyclone  
  169  14:27  Hellion  
  169  14:29  Cyclone, Hellion  
  169  14:33  Liberator  
  169  14:37  Cyclone  
  170  14:40  Liberator x3  
  170  14:41  Hellion  
  170  14:45  Orbital Command  
  172  14:47  Orbital Command  
  172  14:49  Terran Ship Weapons Level 1  
  172  14:51  Hellion x14  
  175  14:52  Cyclone  
  189  15:00  Hellion  
  189  15:02  Hellion  
  189  15:03  Hellion  
  193  15:08  Liberator  
  193  15:16  Liberator  
  183  15:22  Hellion x11  
  183  15:28  Cyclone x2  
  187  15:29  Cyclone  
  187  15:30  Hellion x3  
  199  15:39  Sensor Tower  
  194  16:04  Cyclone x2  
  198  16:12  Hellion  
  195  16:20  Cyclone  
  190  16:32  Hellion x3  
  194  16:36  Cyclone, Liberator  
  194  16:37  Cyclone  
  196  16:53  Cyclone  
  168  17:07  Hellion x3  
  174  17:09  Cyclone x2, Hellion  
  176  17:23  Liberator x5  
  176  17:25  Hellion  
  176  17:29  Hellion x3  
  175  17:30  Hellion  
  177  17:41  Cyclone x2  
  195  17:49  Hellion x9  
  195  17:50  Hellion x2  
  182  18:00  Hellion x2  
  184  18:05  Liberator x2  
  184  18:06  Cyclone, Liberator  
  184  18:11  Hellion x2  
  182  18:13  Cyclone x2  
  182  18:14  Liberator x2  
  182  18:17  Orbital Command  
  186  18:21  Hellion x2  
  197  18:33  Hellion x2  
  197  18:38  Cyclone  
  197  18:40  Terran Ship Weapons Level 2  
  192  18:43  Hellion  
  192  18:45  Cyclone  
  187  18:48  Cyclone  
  187  18:49  Hellion  
  187  18:54  Hellion x2  
  184  19:04  Hellion  
  186  19:10  Hellion  
  186  19:11  Cyclone  
  186  19:16  Hellion x2  
  178  19:17  Cyclone  
  178  19:21  Hellion  
  180  19:25  Hellion  
  169  19:32  Hellion  
  169  19:37  Hellion  
  174  19:39  Hellion  
  174  19:42  Cyclone  
  174  19:43  Hellion  
  181  19:47  Hellion  
  181  19:48  Viking x5  
  181  19:49  Hellion  
  180  19:53  Hellion  
  176  20:03  Hellion x2  
  176  20:04  Cyclone  
  180  20:08  Hellion  
  180  20:10  Cyclone  
  177  20:14  Cyclone  
  177  20:15  Hellion  
  177  20:18  Viking  
  177  20:19  Viking  
  161  20:24  Hellion  
  161  20:25  Hellion  
  162  20:30  Hellion  
  162  20:34  Hellion x6  
  146  20:36  Cyclone  
  146  20:38  Hellion  
  144  20:46  Hellion x2  
Tags
 
Add a new tag
Caveats
  • Supply blocks, unpowered buildings, or Contaminate may cause inaccurate times.
  • Supply counts are checked every 10 seconds.